 Dungeon Crawl Stone Soup version 0.26-a0-1205-g4083c211ab (webtiles) character file.

Game seed: 222484989223777131

996 jestyr24 the Conjurer (level 7, -3/53 HPs)
             Began as a Green Draconian Conjurer on Dec 30, 2020.
             Was a Priest of Nemelex Xobeh.
             Slain by Duvessa
             ... wielding a +0 rapier
              (9 damage)
             ... on level 5 of the Dungeon.
             The game lasted 00:26:52 (3445 turns).

jestyr24 the Conjurer (Green Draconian Conjurer)    Turns: 3445, Time: 00:26:53

Health: -3/53      AC:  8    Str:  9    XL:     7   Next: 99%
Magic:  7/14       EV: 12    Int: 20    God:    Nemelex Xobeh [***...]
Gold:   265        SH:  0    Dex: 10    Spells: 7/15 levels left

rFire    x . .     SeeInvis .   j - +5 shortbow of Voplaaf {vorpal, rElec rF- rC++ Will+}
rCold    + + .     Faith    .   (shield currently unavailable)
rNeg     . . .     Spirit   .   (armour unavailable)
rPois    +         Reflect  .   u - +2 hat
rElec    +         Harm     .   (no cloak)
rCorr    .         Rampage  .   (no gloves)
Will     +....                  (no boots)
Stlth    ++........             b - amulet of magic regeneration
HPRegen  0.17/turn              (no ring)
MPRegen  0.39/turn              (no ring)

@: no status effects
A: breathe noxious fumes, unfitting armour, poison resistance, cold-blooded, AC
+6
a: Breathe Noxious Fumes, Renounce Religion, Draw Escape, Draw Destruction, Draw
Summoning, Triple Draw


You were on level 5 of the Dungeon.
You worshipped Nemelex Xobeh.
Nemelex Xobeh was most pleased with you.
You visited 2 branches of the dungeon, and saw 6 of its levels.

You collected 265 gold pieces.

Inventory:

Hand Weapons
 a - a +0 club
 j - the +5 shortbow of Voplaaf (weapon) {vorpal, rElec rF- rC++ Will+}
   (You found it on level 3 of the Dungeon)

   Any arrow fired from it inflicts extra damage.
   It makes you vulnerable to fire.
   It greatly protects you from cold.
   It insulates you from electricity.
   It affects your willpower, your defense against some magical effects.
Missiles
 f - 11 poisoned darts
 k - 53 arrows (quivered ammo)
 n - 5 atropa-tipped darts
Armour
 u - a +2 hat (worn)
Jewellery
 b - an amulet of magic regeneration (around neck)
 x - an uncursed amulet of guardian spirit {unknown}
Wands
 p - a wand of digging (5)
Scrolls
 c - 10 scrolls of identify {unknown}
 e - a scroll of remove curse {unknown}
 m - a scroll of random uselessness {unknown}
 o - a scroll of fog {unknown}
 q - a scroll of enchant weapon {unknown}
 r - 2 scrolls of magic mapping {unknown}
 v - a scroll of teleportation {unknown}
 w - 2 scrolls of immolation
Potions
 d - 2 potions of attraction {unknown}
 g - a potion of heal wounds {unknown}
 h - 3 potions of flight {unknown}
 i - a potion of degeneration {unknown}
 l - a potion of curing {unknown}
 s - 2 potions of might {unknown}
 t - a potion of magic {unknown}


   Skills:
 * Level 1.8 Fighting
 - Level 0.3 Maces & Flails
 * Level 4.0 Bows
 - Level 2.2 Dodging
 - Level 2.6 Stealth
 - Level 0.1 Unarmed Combat
 * Level 4.6 Spellcasting
 * Level 6.6 Conjurations
 * Level 1.0 Fire Magic


You had 7 spell levels left.
You knew the following spells:

 Your Spells              Type           Power        Failure   Level
a - Magic Dart            Conj           100%         1%          1
b - Searing Ray           Conj           62%          1%          2
c - Fireball              Conj/Fire      10%          56%         5

Your spell library contained the following spells:

 Spells                   Type           Power        Failure   Level
 Foxfire                  Conj/Fire      80%          2%          1
 Conjure Flame            Conj/Fire      20%          8%          3
 Dazzling Flash           Conj/Hex       34%          10%         3
 Sticky Flame             Conj/Fire      20%          24%         4
 Inner Flame              Hex/Fire       6%           28%         3
 Fulminant Prism          Conj/Hex       8%           30%         4
 Iskenderun's Mystic Bla  Conj/Tloc      17%          30%         4


Dungeon Overview and Level Annotations

Branches:
Dungeon (5/15)             Temple (1/1) D:5

Altars:
Ashenzari
Cheibriados
Elyvilon
Gozag
Hepliaklqana
Kikubaaqudgha
Makhleb
Nemelex Xobeh
Okawaru
Qazlal
Ru
Sif Muna
Uskayaw
Vehumet
Wu Jian
Xom
Zin

Annotations:
D:5 Duvessa


Innate Abilities, Weirdness & Mutations

You can breathe blasts of noxious fumes.
Your lurid green scales are hard. (AC +6)
You cannot fit into any form of body armour.
Your system is resistant to poisons. (rPois)
You are cold-blooded and may be slowed by cold attacks.


Message History

Aiming: Searing Ray (safe; 1% risk of failure)
Press: ? - help, Shift-Dir - straight line, f/p - Duvessa
Aim: Duvessa, wielding a +0 rapier, wearing a +1 scale mail of cold resistance and carrying a wand of acid (11) (moderately wounded, berserk, 15% to evade)
The searing ray hits Duvessa.
Duvessa is heavily wounded. (Press . to maintain the ray.) Duvessa hits you with a +0 rapier.
Duvessa hits you with a +0 rapier!
* * * LOW HITPOINT WARNING * * *
The searing ray hits Duvessa.
Duvessa is heavily wounded.
Duvessa hits you but does no damage.
The searing ray hits Duvessa!
Duvessa is severely wounded.
Duvessa hits you with a +0 rapier.
* * * LOW HITPOINT WARNING * * *
The searing ray hits Duvessa!
Duvessa is severely wounded.
You finish channeling your searing ray.
Duvessa hits you with a +0 rapier!
You die...
Your body glows slightly and disappears.

....... #...(.................
...# ##...((......##.#.#....
..########.............##.#.#.###
.........#.##.........##..#...#
.........#.###..(#...........##
..<.......>.....(....#..###.##
†........# ##.....###..## #.#
.........# ##...e.###.### #.#
.........###....@.......# #.#
................####.##.# #.##
.........##.....####.##.###..#
.........##.##....#..##....#.#
##..#######.##..........##...#
##......^#.#............#####
########..................######
.....###.......................##
.....#...###.........>.....###...


You could see Duvessa (berserk).

Vanquished Creatures
  Sigmund (D:3)
  2 ice beasts (D:5)
  An ogre (D:4)
  A scorpion (D:4)
  Dowan (D:5)
  A hound (D:4)
  A jelly (D:5)
  An orc wizard (D:3)
  An iguana (D:4)
  4 worker ants
  A hound zombie (D:5)
  2 gnolls (D:3)
  10 adders
  A white imp (D:5)
  An ufetubus (D:5)
  The ghost of handsome the Sneak, a weakling OpDe (D:5)
  2 dart slugs
  3 worms
  5 leopard geckos
  4 orcs (D:3)
  A ball python (D:3)
  10 bats
  4 giant cockroaches
  7 goblins
  6 hobgoblins
  5 jackals
  3 kobolds
  7 frilled lizards
  2 leopard gecko skeletons
  6 rats
95 creatures vanquished.

Vanquished Creatures (collateral kills)
  2 worker ants (D:5)
  A leopard gecko (D:5)
3 creatures vanquished.

Grand Total: 98 creatures vanquished

Notes
Turn   | Place    | Note
-------+----------+-------------------------------------------
     0 | D:1      | jestyr24 the Draconian Conjurer began the quest for the
                  | Orb.
     0 | D:1      | Reached XP level 1. HP: 14/14 MP: 3/3
   243 | D:1      | Reached XP level 2. HP: 18/20 MP: 0/5
   274 | D:1      | Learned a level 2 spell: Searing Ray
   761 | D:2      | Reached XP level 3. HP: 26/26 MP: 2/6
   783 | D:2      | Reached skill level 5 in Conjurations
   973 | D:2      | Reached XP level 4. HP: 33/33 MP: 4/7
  1216 | D:2      | Found a faded altar of an unknown god.
  1218 | D:2      | Became a worshipper of Nemelex Xobeh the Trickster
  1218 | D:2      | Reached * piety under Nemelex Xobeh
  1285 | D:2      | Received a gift from Nemelex Xobeh
  1448 | D:2      | Found a snail-covered altar of Cheibriados.
  1604 | D:3      | Reached XP level 5. HP: 38/38 MP: 4/9
  1648 | D:3      | Got an ivory shortbow
  1651 | D:3      | Identified the +5 shortbow of Voplaaf {vorpal, rElec rF-
                  | rC++ Will+} (You found it on level 3 of the Dungeon)
  1953 | D:3      | Noticed Sigmund
  1959 | D:3      | Killed Sigmund
  1960 | D:3      | Reached skill level 1 in Bows
  1960 | D:3      | Reached skill level 6 in Conjurations
  1960 | D:3      | Reached XP level 6. HP: 35/46 MP: 7/11
  2103 | D:3      | Reached ** piety under Nemelex Xobeh
  2406 | D:4      | Your scales start taking on a lurid green colour.
  2406 | D:4      | Reached XP level 7. HP: 51/51 MP: 10/13
  2406 | D:4      | Gained mutation: Your system is resistant to poisons.
                  | (rPois) [Green Draconian growth]
  2477 | D:4      | Received a gift from Nemelex Xobeh
  2537 | D:4      | Reached skill level 1 in Fighting
  2906 | D:5      | Entered Level 5 of the Dungeon
  2906 | D:5      | Received a gift from Nemelex Xobeh
  3097 | D:5      | Found a runed translucent door.
  3110 | D:5      | Noticed handsome's ghost (weakling OpDe)
  3116 | D:5      | Killed handsome's ghost
  3136 | D:5      | Learned a level 5 spell: Fireball
  3217 | D:5      | Found a staircase to the Ecumenical Temple.
  3219 | D:5      | Reached *** piety under Nemelex Xobeh
  3226 | Temple   | Entered the Ecumenical Temple
  3430 | D:5      | Noticed Dowan
  3434 | D:5      | Noticed Duvessa
  3435 | D:5      | Killed Dowan
  3436 | D:5      | Reached skill level 1 in Fire Magic
  3445 | D:5      | Slain by Duvessa

Illustrated notes

Levels and vault maps discovered:
D:1:      lightli_arrival_boilingwater, layout_loops_ring
D:2:      layout_loops_ring, chequers_ecumenical_altar_twisty,
          cheibriados_altar_1
D:3:      layout_basic, minmay_checkerbox, uniq_sigmund
D:4:      layout_basic, hex_large, amcnicky_mini_corridor_feature
D:5:      layout_rooms, minmay_temple_entry_butterflies,
          ebering_ghost_inner_flame, corner_web_ring, uniq_duvessa
Temple:   compressed_dpeg_circular_temple

Skill      XL: |  1  2  3  4  5  6  7 |
---------------+----------------------+-----
Stealth        | 2 |  2.6
Conjurations   | 5 6 |  6.6
Dodging        | 2 |  2.2
Spellcasting   | 3 4 |  4.6
Bows           | 1 2 4 |  4.0
Fighting       | 1 |  1.8
Fire Magic     | 1 |  1.0
Maces & Flails | |  0.3
Unarmed Combat | |  0.1

Action                   |  1- 3 |  4- 6 |  7- 9 || total
-------------------------+-------+-------+-------++-------
Melee: Club              |    11 |     3 |       ||    14
       Unarmed           |     6 |       |       ||     6
 Fire: Shortbow          |       |    15 |    28 ||    43
 Cast: Magic Dart        |    36 |    48 |    10 ||    94
       Searing Ray       |     8 |    16 |    17 ||    41
Invok: Draw Destruction  |       |     1 |     3 ||     4
       Draw Summoning    |       |       |     1 ||     1
 Abil: Breathe Noxious F |       |       |     1 ||     1
 Stab: Sleeping          |     2 |       |       ||     2
Armor: Skin              |     9 |     4 |    12 ||    25
Dodge: Dodged            |    22 |    15 |    14 ||    51

Table legend: (Time is in decaauts)
 A = Elapsed time spent in this place.
 B = Non-inter-level travel time spent in this place.
 C = Inter-level travel time spent in this place.
 D = Time resting spent in this place.
 E = Time spent auto-exploring this place.
 F = Levels seen in this place.
 G = Mean time per level.
                   A        B        C        D        E       F      G
               +--------+--------+--------+--------+--------+-----+--------+
         Total |   3459 |   3415 |     44 |    345 |   1958 |   6 |  576.5 |
       Dungeon |   3403 |   3359 |     44 |    345 |   1958 |   5 |  680.6 |
        Temple |     56 |     56 |      0 |      0 |      0 |   1 |   56.0 |
               +--------+--------+--------+--------+--------+-----+--------+

Top non-repeatable levels by time:
     D:1: 767 daAuts
     D:3: 758 daAuts
     D:2: 748 daAuts
     D:4: 644 daAuts
     D:5: 484 daAuts
  Temple: 56 daAuts
